 Dungeon Crawl Stone Soup version 0.28-a0-390-gb254ac4902 (webtiles) character file.

Game seed: 3983150917108280948

3197 zdrol the Cleaver (level 9, -6/79 HPs)
             Began as a Minotaur Fighter on Sept 4, 2021.
             Mangled by a troll (11 damage)
             ... on level 8 of the Dungeon.
             The game lasted 00:39:19 (9331 turns).

zdrol the Cleaver (Minotaur Fighter)                Turns: 9331, Time: 00:39:20

Health: -6/79      AC: 12    Str: 23    XL:     9   Next: 64%
Magic:  8/8        EV:  9    Int:  5    God:
Gold:   494        SH:  5    Dex: 11    Spells: 8/8 levels left

rFire   . . .      SeeInvis .   e - +3 hand axe
rCold   . . .      Faith    .   c - +0 buckler
rNeg    . . .      Spirit   .   q - +0 chain mail
rPois   .          Reflect  .   (helmet restricted)
rElec   .          Harm     .   (no cloak)
rCorr   .          Rampage  .   (no gloves)
Will    .....                   H - +0 pair of boots
Stlth   ..........              y - amulet of the acrobat
HPRegen 0.23/turn               (no ring)
MPRegen 0.11/turn               (no ring)

@: no status effects
A: horns 2, retaliatory headbutt
a: no special abilities


You were on level 8 of the Dungeon.
You visited 1 branch of the dungeon, and saw 9 of its levels.
You also visited: Ossuary.

You collected 494 gold pieces.

Inventory:

Hand Weapons
 a - a +0 flail
 e - a +3 hand axe (weapon)
Missiles
 u - 6 boomerangs (quivered)
 A - 27 poisoned darts
Armour
 c - a +0 buckler (worn)
 q - a +0 chain mail (worn)
 H - a +0 pair of boots (worn)
Magical Staves
 F - a staff of conjuration
 I - a staff of death
Jewellery
 y - an amulet of the acrobat (around neck)
Wands
 b - a wand of digging (3)
 B - a wand of polymorph (11)
Scrolls
 g - a scroll of noise {unknown}
 h - 2 scrolls of immolation
 j - a scroll of blinking {unknown}
 k - 3 scrolls of teleportation
 p - 2 scrolls of enchant armour {unknown}
 r - a scroll of summoning {unknown}
 t - 3 scrolls of magic mapping {unknown}
 w - 3 scrolls of amnesia {unknown}
 x - 2 scrolls of vulnerability {unknown}
 z - a scroll of silence {unknown}
 C - 3 scrolls of identify
 E - a scroll of fear {unknown}
 G - 2 scrolls of enchant weapon {unknown}
Potions
 d - a potion of might
 f - 4 potions of degeneration
 i - 3 potions of lignification
 l - a potion of attraction
 m - 5 potions of curing
 n - a potion of resistance
 o - 3 potions of berserk rage {unknown}
 s - a potion of cancellation
 v - a potion of haste {unknown}
 D - a potion of flight {unknown}


   Skills:
 + Level 7.3 Fighting
 + Level 10.0(10.2) Axes
 + Level 2.8(7.0) Maces & Flails
 + Level 2.8 Throwing
 + Level 8.8 Armour
 + Level 2.6 Dodging
 + Level 0.9 Stealth
 + Level 6.5 Shields


You had 8 spell levels left.
You didn't know any spells.
Your spell library contained the following spells:

 Spells                   Type           Power      Damage    Failure   Level
 Magic Dart               Conj           0%         1d3       97%         1
 Sandblast                Erth           0%         2d4       97%         1
 Blink                    Tloc           N/A        N/A       99%         2
 Passwall                 Tmut/Erth      0%         N/A       99%         2
 Searing Ray              Conj           0%         3d3       99%         2
 Sublimation of Blood     Necr           0%         N/A       99%         2
 Wereblood                Tmut           0%         N/A       99%         2
 Lesser Beckoning         Tloc           0%         N/A       100%        3
 Stone Arrow              Conj/Erth      0%         3d7       100%        3
 Animate Armour           Summ/Erth      0%         N/A       100%        4
 Fulminant Prism          Conj/Hex       0%         3d6       100%        4
 Lee's Rapid Deconstruct  Erth           0%         3d5*      100%        5
 Manifold Assault         Tloc           0%         N/A       100%        5
 Summon Hydra             Summ           0%         N/A       100%        7
 Lehudib's Crystal Spear  Conj/Erth      0%         10d2      100%        8


Dungeon Overview and Level Annotations

Branches:
Dungeon (9/15)             Temple (0/1) D:6         Ossuary (visited)
   Lair: D:8-11         Orc: D:9-12

Altars:

Shops:
D:5 *


Innate Abilities, Weirdness & Mutations

You have a pair of horns on your head.
You reflexively headbutt those who attack you in melee.


Message History

The troll is lightly wounded.
The troll bites you. You block the troll's attack.
The troll claws you but does no damage.
You hit the troll but do no damage.
The troll is lightly wounded.
You closely miss the troll.
The troll is lightly wounded.
The troll bites you but does no damage. The troll claws you!
The troll barely misses you.
You hit the troll but do no damage.
The troll is lightly wounded.
The troll bites you. The troll barely misses you. x2
You hit the troll.
The troll is lightly wounded.
The troll bites you but does no damage. The troll closely misses you.
The troll claws you.
You closely miss the troll.
You headbutt the troll, but do no damage.
The troll is lightly wounded.
You slash the troll! You headbutt the troll.
The troll is heavily wounded.
The troll bites you! The troll claws you. The troll closely misses you.
You slash the troll!
The troll is severely wounded.
The troll bites you. The troll claws you. The troll closely misses you.
You barely miss the troll. Your headbutt misses the troll.
The troll is severely wounded.
The troll bites you!
* * * LOW HITPOINT WARNING * * *
The troll closely misses you. The troll claws you but does no damage.
You hit the troll but do no damage.
The troll is severely wounded.
You block the troll's attack. The troll claws you but does no damage.
The troll claws you.
* * * LOW HITPOINT WARNING * * *
It was a potion of curing.
You feel better. You block the troll's attack. The troll claws you!
* * * LOW HITPOINT WARNING * * *
The troll claws you!
You die...

#.# #...........##
#.# ##......<...#
#.## ##..)......#
#..# ##.......##
#..# #####...#
##>.### #####
#.....# ##.....##
##..#...@##
#..#...T[)##
##.......#..#
#..#.....##.......
#..#......#
.......
#..#.....##
.......
#..##.....#
#...... #..#
####### ......
.... ......


You could see a troll.

Vanquished Creatures
  A troll (D:6)
  Eustachio (D:3)
  An ice beast (D:5)
  An orc warrior (D:8)
  3 necrophages
  4 ogres
  2 centaurs
  2 phantoms
  2 elf zombies (Ossuary)
  A bullfrog (D:7)
  A scorpion (D:5)
  2 water moccasin skeletons
  2 centaur zombies
  3 bullfrog zombies (D:5)
  4 hounds
  Crazy Yiuf (D:4)
  5 orc priests
  A centaur skeleton (D:5)
  2 jellies (D:8)
  An iguana (D:7)
  7 orc wizards
  A hound zombie (D:5)
  2 mummies (Ossuary)
  A howler monkey skeleton (D:6)
  4 gnolls
  6 adders
  2 shadow imps
  2 adder zombies (Ossuary)
  3 worms
  A dart slug (D:3)
  34 orcs
  9 endoplasms
  4 giant cockroaches
  15 goblins
  14 hobgoblins
  7 kobolds
  7 quokkas
  8 ball pythons
  9 bats
  2 frilled lizards (D:1)
  11 hobgoblin zombies (Ossuary)
  2 jackal zombies (Ossuary)
  10 kobold zombies (Ossuary)
  7 orc zombies (Ossuary)
  A quokka skeleton (D:4)
  6 rats
  A rat zombie (Ossuary)
  A spectral kobold (D:1)
217 creatures vanquished.

Vanquished Creatures (others)
  4 plants (D:1)
4 creatures vanquished.

Grand Total: 221 creatures vanquished

Notes
Turn   | Place    | Note
-------+----------+-------------------------------------------
     0 | D:1      | zdrol the Minotaur Fighter began the quest for the Orb.
     0 | D:1      | Reached XP level 1. HP: 19/19 MP: 0/0
   150 | D:1      | Reached XP level 2. HP: 27/27 MP: 1/1
   465 | D:1      | Found a faded altar of an unknown god.
   700 | D:1      | Reached XP level 3. HP: 33/33 MP: 2/2
  1332 | D:2      | Reached skill level 1 in Axes
  1661 | D:2      | Reached XP level 4. HP: 41/41 MP: 3/3
  2157 | D:3      | Reached skill level 2 in Axes
  2157 | D:3      | HP: 2/41 [gnoll (3)]
  2645 | D:3      | Reached XP level 5. HP: 45/47 MP: 4/4
  2865 | D:3      | Reached skill level 3 in Axes
  3355 | D:4      | Noticed Eustachio
  3635 | D:3      | Killed Eustachio
  3636 | D:3      | Reached skill level 5 in Fighting
  3636 | D:3      | Reached skill level 4 in Axes
  3636 | D:3      | Reached skill level 5 in Armour
  3636 | D:3      | Reached XP level 6. HP: 48/56 MP: 5/5
  3708 | D:4      | Reached skill level 1 in Dodging
  3881 | D:4      | Reached XP level 7. HP: 16/61 MP: 6/6
  3943 | D:4      | Reached skill level 5 in Axes
  4500 | D:4      | Reached skill level 6 in Axes
  5050 | D:4      | Found a runed translucent door.
  5051 | D:4      | Noticed Crazy Yiuf
  5057 | D:4      | Killed Crazy Yiuf
  5058 | D:4      | Reached skill level 5 in Shields
  5234 | D:5      | Entered Level 5 of the Dungeon
  5261 | D:5      | Found Nirutan's Assorted Antiques.
  5377 | D:5      | Reached XP level 8. HP: 44/70 MP: 7/7
  5602 | D:5      | Reached skill level 7 in Axes
  5637 | D:5      | Reached skill level 1 in Throwing
  6514 | D:6      | Found a staircase to the Ecumenical Temple.
  6875 | D:6      | Found a sand-covered staircase.
  6884 | Ossuary  | Entered an ossuary
  7292 | D:6      | Reached skill level 8 in Axes
  7299 | D:6      | Noticed a troll
  7314 | D:6      | Killed a troll
  7315 | D:6      | Reached XP level 9. HP: 19/78 MP: 8/8
  7864 | D:7      | Reached skill level 9 in Axes
  9139 | D:9      | Noticed a troll
  9160 | D:8      | Reached skill level 10 in Axes
  9331 | D:8      | Mangled by a troll

Illustrated notes

Levels and vault maps discovered:
D:1:      amcnicky_arrival_underground_garden, layout_basic,
          dreamdust_ecumenical_altar_drowned_temple, serial_forest,
          infiniplex_forest_end_2, infiniplex_forest_3_way,
          infiniplex_forest_lined_3_way, infiniplex_forest_clump_cross,
          infiniplex_forest_fountain, infiniplex_forest_clump_C,
          minmay_tree_intersection, nrook_mini_vaults, minmay_heptomino_l4
D:2:      layout_rooms, st_stairs_7
D:3:      layout_loops_cross, st_stairs_10, minivault_26
D:4:      cheibrodos_greedy_goblins, layout_cave_pools,
          kennysheep_generic_room_14, uniq_crazy_yiuf_cottage, uniq_eustachio
D:5:      layout_basic, serial_shops, shop_statue
D:6:      layout_rooms, minmay_temple_entry_overgrown, enter_ossuary_2,
          grunt_ministairs_5
D:7:      layout_loops_ring, chequers_serial_rivers_micro_d, centaur_isle
D:8:      minmay_opposing_rooms, layout_cave_pods, minivault_12
D:9:      layout_rooms, nicolae_qazlal_general_emergency, lair_entry_dummy,
          serial_bayou_ford_a, kennysheep_nondescript

Skill      XL: |  1  2  3  4  5  6  7  8  9 |
---------------+----------------------------+-----
Fighting       | 4 5 6 7 |  7.3
Armour         | 4 5 6 7 8 |  8.8
Shields        | 4 5 6 |  6.5
Axes           | 1 2 4 6 8 10 | 10.0
Dodging        | 1 2 |  2.6
Throwing       | 1 2 |  2.8
Maces & Flails | |  2.8
Stealth        | |  0.9

Action                   |  1- 3 |  4- 6 |  7- 9 || total
-------------------------+-------+-------+-------++-------
Melee: Flail             |    16 |       |       ||    16
       Headbutt          |    23 |    18 |    78 ||   119
       Hand axe          |    91 |   108 |   374 ||   573
Throw: Boomerang         |       |       |    25 ||    25
       Dart              |       |       |    22 ||    22
  Use: Scroll            |     3 |       |     3 ||     6
       Potion            |       |       |     1 ||     1
Armor: Scale mail        |    34 |    34 |       ||    68
       Chain mail        |       |    33 |   175 ||   208
Dodge: Dodged            |    40 |    73 |   196 ||   309
Block: Buckler           |    17 |    29 |    93 ||   139

Table legend: (Time is in decaauts)
 A = Elapsed time spent in this place.
 B = Non-inter-level travel time spent in this place.
 C = Inter-level travel time spent in this place.
 D = Time resting spent in this place.
 E = Time spent auto-exploring this place.
 F = Levels seen in this place.
 G = Mean time per level.
                   A        B        C        D        E       F      G
               +--------+--------+--------+--------+--------+-----+--------+
         Total |   9353 |   9333 |     20 |   2319 |   3529 |  10 |  935.3 |
       Dungeon |   9095 |   9075 |     20 |   2319 |   3529 |   9 | 1010.6 |
       Ossuary |    258 |    258 |      0 |      0 |      0 |   1 |  258.0 |
               +--------+--------+--------+--------+--------+-----+--------+

Top non-repeatable levels by time:
     D:3: 1661 daAuts
     D:4: 1550 daAuts
     D:1: 1343 daAuts
     D:5: 1278 daAuts
     D:7: 1139 daAuts
     D:6: 914 daAuts
     D:2: 728 daAuts
     D:8: 469 daAuts
 Ossuary: 258 daAuts
     D:9: 9 daAuts
